 Dungeon Crawl Stone Soup version 0.27-a0-1087-gf39c287674 (webtiles) character file.

Game seed: 10048217588785568452

165 Froggeryz the Cudgeller (level 5, -1/33 HPs)
             Began as a Tengu Chaos Knight on Apr 27, 2021.
             Was a Plaything of Xom.
             Slain by an orc
             ... wielding a +0 vorpal hand axe
              (2 damage)
             ... on level 3 of the Dungeon.
             The game lasted 00:03:38 (3870 turns).

Froggeryz the Cudgeller (Tengu Chaos Knight)        Turns: 3870, Time: 00:03:39

Health: -1/33      AC:  6    Str: 13    XL:     5   Next: 46%
Magic:  6/6        EV: 10    Int: 13    God:    Xom [.....*]
Gold:   122        SH:  0    Dex: 13    Spells: 4/4 levels left

rFire    . . .     SeeInvis .   a - +1 mace (chaos)
rCold    . . .     Faith    .   (no shield)
rNeg     . . .     Spirit   .   f - +0 scale mail
rPois    .         Reflect  .   (helmet restricted)
rElec    .         Harm     .   (no cloak)
rCorr    +         Rampage  .   (no gloves)
Will     .....                  (boots unavailable)
Stlth    ..........             (no amulet)
HPRegen  0.11/turn              k - ring of resist corrosion
MPRegen  0.10/turn              (no ring)

@: flying quickly and evasively, quick
A: beak, talons 3, nimble flight, antennae 1
a: Renounce Religion


You were on level 3 of the Dungeon.
You worshipped Xom.
You were Xom's teddy bear.
You visited 1 branch of the dungeon, and saw 4 of its levels.

You collected 122 gold pieces.

Inventory:

Hand Weapons
 a - a +1 mace of chaos (weapon)
 c - a +0 mace
Missiles
 b - 6 boomerangs
 j - 6 poisoned darts (quivered)
Armour
 f - a +0 scale mail (worn)
Jewellery
 h - a ring of poison resistance
 k - a ring of resist corrosion (left hand)
Scrolls
 e - 2 scrolls of immolation
Potions
 d - a potion of resistance
 g - 2 potions of ambrosia


   Skills:
 + Level 4.1 Fighting
 * Level 5.7 Maces & Flails
 - Level 2.1 Armour
 - Level 1.1 Dodging


You had 4 spell levels left.
You didn't know any spells.
Your spell library contained the following spells:

 Spells                   Type           Power      Damage    Failure   Level
 Animate Skeleton         Necr           0%         N/A       82%         1
 Pain                     Necr           0%         1d4       82%         1
 Vampiric Draining        Necr           0%         2d6       99%         3
 Animate Dead             Necr           0%         N/A       100%        4
 Agony                    Necr           0%         N/A       100%        5


Dungeon Overview and Level Annotations

Branches:
Dungeon (4/15)
 Temple: D:4-7

Altars:


Innate Abilities, Weirdness & Mutations

You have a beak for a mouth.
You have claws for feet.
Your magical nature lets you fly swiftly and evasively.
You have a pair of small antennae on your head.


Message History

Throw: 11 darts (poison)
Press: ? - help, Q - select action, (/) - cycle Shift-Dir - straight line, f - orc priest
Aim: an orc priest, wielding a +0 dagger and wearing a +0 leather armour (59% to hit)
You throw a poisoned dart. The poisoned dart hits the orc priest.
Unknown command.
Throw: 10 darts (poison)
Press: ? - help, Q - select action, (/) - cycle Shift-Dir - straight line, f/p - orc priest
Aim: an orc priest, wielding a +0 dagger and wearing a +0 leather armour (59% to hit)
You throw a poisoned dart. The poisoned dart hits the orc priest.
Unknown command.
Throw: 9 darts (poison)
Press: ? - help, Q - select action, (/) - cycle Shift-Dir - straight line, f/p - orc priest
Aim: an orc priest, wielding a +0 dagger and wearing a +0 leather armour (57% to hit)
You throw a poisoned dart. The poisoned dart hits the orc priest.
A kobold comes into view. It is wielding a +0 dagger.
Throw: 8 darts (poison)
Press: ? - help, Q - select action, (/) - cycle Shift-Dir - straight line, f/p - orc priest
Aim: an orc priest, wielding a +0 dagger and wearing a +0 leather armour (59% to hit)
You throw a poisoned dart. The poisoned dart hits the orc priest.
The orc priest is poisoned.
Throw: 7 darts (poison)
Press: ? - help, Q - select action, (/) - cycle Shift-Dir - straight line, f/p - orc priest
Aim: an orc priest, wielding a +0 dagger and wearing a +0 leather armour (lightly wounded, poisoned, 59% to hit)
You throw a poisoned dart.
The poisoned dart closely misses the orc.
The poisoned dart barely misses the orc priest.
Unknown command.
The orc hits you with a +0 flail! The orc hits you but does no damage.
You fly upwards.
There is a stone staircase leading down here.
You hit the orc.
The orc resists with significant effort.
The orc is heavily wounded.
The orc hits you with a +0 flail.
The orc hits you with a +1 dagger of electrocution.
You are electrocuted!
* * * LOW HITPOINT WARNING * * *
Xom roars with laughter!
The orc hits you with a +0 vorpal hand axe.
You die...

.#.#(##...##..........#
.#.#...............##.#
.#.#.##.####........#.#
.#.#................#.#
.#.###..######'#.#..#.#
##.............#.#..#.#
######.........#.#..#.#
......)...#..).ooo..#.#####
####......#.##.#@#..#.....#
.# #......#.#..#.#.######.#
.# #......#.#.##.#......#.#
.# #......#.#......####.#.#
####.<....#.#.............#
........###.##.....####.###
.....#.####...........#.#
...#.#.###.....##.###)#.#
##.#.#..............#.#.#


You could see 3 orcs.

Vanquished Creatures
  An orc priest (D:3)
  An orc wizard (D:3)
  4 adders
  2 worms (D:2)
  A dart slug (D:3)
  6 orcs (D:3)
  7 ball pythons
  2 endoplasms (D:1)
  A giant cockroach (D:2)
  4 goblins
  5 hobgoblins
  10 jackals
  4 kobolds
  A quokka (D:2)
  6 bats
  3 frilled lizards
  6 rats
64 creatures vanquished.

Notes
Turn   | Place    | Note
-------+----------+-------------------------------------------
     0 | D:1      | Froggeryz the Tengu Chaos Knight began the quest for the
                  | Orb.
     0 | D:1      | Reached XP level 1. HP: 14/14 MP: 2/2
   101 | D:1      | XOM: divination: detect items
   185 | D:1      | Reached XP level 2. HP: 19/19 MP: 3/3
   266 | D:1      | XOM: silly message
   280 | D:1      | XOM: divination: detect items
   410 | D:1      | Reached skill level 4 in Maces & Flails
   929 | D:1      | XOM: silly message
  1053 | D:1      | Reached XP level 3. HP: 23/23 MP: 4/4
  1358 | D:2      | XOM: silly message
  1404 | D:2      | Found a faded altar of an unknown god.
  1706 | D:2      | XOM: god gift: scroll labelled QESTOUH KUAV {god gift}
  1870 | D:2      | XOM: give mutation
  1870 | D:2      | Gained mutation: You have a pair of small antennae on your
                  | head. [Xom's mischief]
  2338 | D:3      | XOM: stealth player
  2345 | D:3      | XOM: cloud trail
  2379 | D:3      | Reached XP level 4. HP: 27/28 MP: 5/5
  2404 | D:3      | XOM: silly message
  2629 | D:3      | XOM: 1-stop teleportation journey
  2971 | D:3      | Reached skill level 5 in Maces & Flails
  3423 | D:3      | Gained mutation: Your magical nature lets you fly swiftly
                  | and evasively. [Tengu growth]
  3423 | D:3      | Reached XP level 5. HP: 21/33 MP: 6/6
  3870 | D:3      | HP: 1/33 [orc/+1 dagger of electrocution (15)]
  3870 | D:3      | Slain by an orc

Illustrated notes

Levels and vault maps discovered:
D:1:      lemuel_arrival_river_bridge, layout_basic, chequers_avenue,
          minmay_pentomino_s2
D:2:      layout_loops_corners, hellmonk_ecumenical_altar_blasted,
          minmay_misc_feat_alley
D:3:      layout_basic
D:4:      layout_rooms, minmay_diced_spiral

Skill      XL: |  1  2  3  4 |
---------------+-------------+-----
Maces & Flails | 4 5 |  5.7
Fighting       | 4 |  4.1
Armour         | |  2.1
Dodging        | |  1.1

Action                   |  1- 3 |  4- 6 || total
-------------------------+-------+-------++-------
Melee: Mace              |    84 |    51 ||   135
       Kick              |    16 |     2 ||    18
       Peck              |     9 |     7 ||    16
Throw: Boomerang         |    11 |     6 ||    17
       Dart              |       |    11 ||    11
  Use: Scroll            |     3 |     3 ||     6
 Stab: Petrifying        |       |     1 ||     1
Armor: Leather armour    |    16 |       ||    16
       Scale mail        |    17 |    17 ||    34
Dodge: Dodged            |    54 |    29 ||    83

Table legend: (Time is in decaauts)
 A = Elapsed time spent in this place.
 B = Non-inter-level travel time spent in this place.
 C = Inter-level travel time spent in this place.
 D = Time resting spent in this place.
 E = Time spent auto-exploring this place.
 F = Levels seen in this place.
 G = Mean time per level.
                   A        B        C        D        E       F      G
               +--------+--------+--------+--------+--------+-----+--------+
         Total |   3886 |   3712 |    174 |     79 |   3229 |   4 |  971.5 |
       Dungeon |   3886 |   3712 |    174 |     79 |   3229 |   4 |  971.5 |
               +--------+--------+--------+--------+--------+-----+--------+

Top non-repeatable levels by time:
     D:3: 1517 daAuts
     D:1: 1347 daAuts
     D:2: 1014 daAuts
     D:4: 6 daAuts
